 Dungeon Crawl Stone Soup version 0.29-a0-322-g68df515428 (webtiles) character file.

Game seed: 18226097644371297706

105 sammy202020 the Skirmisher (level 4, -5/37 HPs)
             Began as a Demonspawn Berserker on Apr 5, 2022.
             Was a Believer of Trog.
             Splashed by a jelly's acid (9 damage)
             ... on level 3 of the Dungeon.
             The game lasted 00:02:09 (2375 turns).

sammy202020 the Skirmisher (Demonspawn Berserker)   Turns: 2375, Time: 00:02:11

Health: -5/37      AC: -9    Str: 17    XL:     4   Next: 54%
Magic:  4/4        EV: 11    Int: 10    God:    Trog [**....]
Gold:   201        SH:  0    Dex: 13    Spells: 3/3 levels left

rFire   . . .      SeeInvis .   a - +0 hand axe
rCold   . . .      Faith    .   (no shield)
rNeg    . . .      Spirit   .   i - +0 leather armour
rPois   .          Reflect  .   n - +0 helmet
rElec   .          Harm     .   (no cloak)
rCorr   .          Rampage  .   (no gloves)
Will    ++...                   (no boots)
Stlth   +.........              f - amulet of regeneration
HPRegen 1.92/turn               (no ring)
MPRegen 0.09/turn               (no ring)

@: strong-willed, corroded, regenerating
A: slimy green scales 1
a: Renounce Religion, Berserk, Trog's Hand


You were on level 3 of the Dungeon.
You worshipped Trog.
Trog was pleased with you.
You visited 1 branch of the dungeon, and saw 3 of its levels.

You collected 201 gold pieces.

Inventory:

Hand Weapons
 a - a +0 hand axe (weapon)
Armour
 i - a +0 leather armour (worn)
 n - a +0 helmet (worn)
Jewellery
 f - an amulet of regeneration (around neck)
 q - a ring of positive energy
Wands
 l - a wand of digging (4)
 r - a wand of flame (22)
Scrolls
 b - a scroll of acquirement {unknown}
 d - a scroll of teleportation {unknown}
 g - a scroll of enchant weapon {unknown}
 j - 2 scrolls of enchant armour {unknown}
 o - a scroll of fear {unknown}
 s - 3 scrolls of magic mapping {unknown}
 t - a scroll of identify
Potions
 c - 2 potions of haste
 e - 2 potions of resistance {unknown}
 h - 3 potions of degeneration {unknown}
 k - a potion of curing {unknown}
 m - a potion of attraction {unknown}
 p - a potion of heal wounds {unknown}


   Skills:
 * Level 4.1 Fighting
 * Level 3.7 Axes
 + Level 2.4 Armour
 - Level 1.7 Dodging


You had 3 spell levels left.
You didn't know any spells.
Your spell library was empty.

Dungeon Overview and Level Annotations

Branches:
Dungeon (3/15)

Altars:


Innate Abilities, Weirdness & Mutations

You are partially covered in slimy green scales. (AC +2)


Message History

You are too injured to fight recklessly!
You are too injured to fight recklessly!
You are too injured to fight recklessly!
You are too injured to fight recklessly!
You are too injured to fight recklessly!
You are too injured to fight recklessly!
You are too injured to fight recklessly!
You are too injured to fight recklessly!
You are too injured to fight recklessly!
You are too injured to fight recklessly!
You are too injured to fight recklessly!
You are too injured to fight recklessly!
You are too injured to fight recklessly!
Your skin crawls.
You feel strong-willed. The jelly hits you. The acid corrodes you!
You are splashed with acid!
* * * LOW HITPOINT WARNING * * *
You fail to use your ability.
The jelly completely misses you.
You hit the jelly.
Your hands burn!
* * * LOW HITPOINT WARNING * * *
The jelly is heavily wounded.
The jelly barely misses you.
A goblin comes into view. It is wielding a +0 club.
The goblin shouts!
You hit the jelly but do no damage. The acid corrodes you!
Your hands burn!
* * * LOW HITPOINT WARNING * * *
The jelly is heavily wounded.
You hear a shout! x2
The jelly closely misses you.
You hit the jelly but do no damage.
Your hands burn!
* * * LOW HITPOINT WARNING * * *
The jelly is heavily wounded.
The jelly barely misses you.
You hit the jelly but do no damage. The acid corrodes you!
Your hands burn!
* * * LOW HITPOINT WARNING * * *
The jelly is heavily wounded.
The jelly hits you.
* * * LOW HITPOINT WARNING * * *
You are splashed with acid!
You die...

#.#####.# ......#.#
#.....# ####..#.#
#.....# ####..#.##
#.....# ##.......#
#...g.# ##.#..#..#
#.....# ##.#..#..#
#.....# .)....#..#
#.J...#
##..<(...#######@....##
##......................
##.#..#.###########.##..
...........# #
##..>.......
##.#.######## .....#
##...# ##...#


You could see a jelly and a goblin.

Vanquished Creatures
  Robin (D:2)
  2 gnolls (D:1)
  2 adders (D:2)
  2 worms (D:2)
  A dart slug (D:1)
  5 endoplasms
  2 giant cockroaches
  13 goblins
  4 hobgoblins
  4 kobolds
  A quokka (D:2)
  4 ball pythons
  4 bats
  2 frilled lizards
  3 rats (D:2)
50 creatures vanquished.

Notes
Turn   | Place    | Note
-------+----------+-------------------------------------------
     0 | D:1      | sammy202020 the Demonspawn Berserker began the quest for
                  | the Orb.
     0 | D:1      | Reached XP level 1. HP: 18/18 MP: 1/1
   115 | D:1      | Gained mutation: You are partially covered in slimy green
                  | scales. (AC +2) [demonic ancestry]
   115 | D:1      | Reached XP level 2. HP: 6/24 MP: 2/2
   833 | D:1      | Found a faded altar of an unknown god.
   841 | D:1      | Reached XP level 3. HP: 27/29 MP: 3/3
  1462 | D:2      | Reached ** piety under Trog
  1805 | D:2      | Noticed Robin
  1816 | D:2      | Reached XP level 4. HP: 29/37 MP: 4/4
  1831 | D:2      | Killed Robin
  1832 | D:2      | Reached skill level 4 in Fighting
  2375 | D:3      | Splashed by a jelly's acid

Illustrated notes

Levels and vault maps discovered:
D:1:      psy_arrival_radial02, layout_basic, basic_ecumenical_altar,
          minmay_pentomino_z4
D:2:      minmay_recursive_quarters, layout_loops_ring, fountainhead, uniq_robin
D:3:      layout_basic, kennysheep_minor_cross

Skill      XL: |  1  2  3  4 |
---------------+-------------+-----
Armour         | 2 |  2.4
Axes           | 3 |  3.7
Fighting       | 4 |  4.1
Dodging        | |  1.7

Action                   |  1- 3 |  4- 6 || total
-------------------------+-------+-------++-------
Melee: Hand axe          |   102 |    39 ||   141
       Punch             |     2 |       ||     2
Invok: Trog's Hand       |       |     2 ||     2
  Use: Scroll            |     2 |       ||     2
Armor: Animal skin       |    10 |       ||    10
       Leather armour    |    21 |    11 ||    32
Dodge: Dodged            |    58 |    39 ||    97

Table legend: (Time is in decaauts)
 A = Elapsed time spent in this place.
 B = Non-inter-level travel time spent in this place.
 C = Inter-level travel time spent in this place.
 D = Time resting spent in this place.
 E = Time spent auto-exploring this place.
 F = Levels seen in this place.
 G = Mean time per level.
                   A        B        C        D        E       F      G
               +--------+--------+--------+--------+--------+-----+--------+
         Total |   2394 |   2329 |     65 |      0 |   1985 |   3 |  798.0 |
       Dungeon |   2394 |   2329 |     65 |      0 |   1985 |   3 |  798.0 |
               +--------+--------+--------+--------+--------+-----+--------+

Top non-repeatable levels by time:
     D:1: 1351 daAuts
     D:2: 853 daAuts
     D:3: 189 daAuts
